Map: Frostline LE

Players

WeAreLegion - Winner!

  • Race: Terran Terran
  • League: Silver
  • Spawn Location: 7:00

ORION

  • Race: Protoss Protoss
  • League: Silver
  • Spawn Location: 1:00

VOD

Have the link to the VOD?

Description

Time

  • Played on: Dec. 14, 2024, 1:06 a.m.
  • Length: 10:29
Show
View Real Time Build Order
Export as new Build Order

WeAreLegion Terran - Winner!

Build Orders: Reaper Expand 

Get SALT Encoding   

  12  0:00  SCV  
  13  0:12  SCV  
  14  0:16  Supply Depot  
  14  0:24  SCV  
  15  0:38  SCV  
  15  0:42  Barracks  
  16  0:46  Refinery  
  16  0:50  SCV  
  17  1:02  SCV  
  18  1:14  SCV  
  19  1:29  Orbital Command  
  19  1:31  Reaper  
  20  1:40  Command Center  
  20  1:49  Supply Depot  
  20  1:54  SCV  
  21  2:05  Factory  
  21  2:12  SCV  
  21  2:13  Refinery  
  21  2:14  Marine  
  23  2:24  SCV  
  24  2:36  SCV  
  25  2:48  SCV  
  26  2:56  Barracks Reactor  
  27  3:00  Orbital Command, SCV  
  27  3:19  SCV  
  28  3:22  Hellion, Bunker  
  28  3:23  Starport  
  31  3:27  SCV  
  31  3:31  SCV  
  32  3:34  Marine  
  32  3:35  Marine  
  32  3:39  SCV  
  35  3:43  SCV  
  36  3:52  Supply Depot, Marine x2  
  38  3:57  Barracks  
  38  4:01  Medivac  
  40  4:04  Factory Tech Lab  
  40  4:10  Marine x2  
  40  4:11  Barracks  
  40  4:12  SCV  
  40  4:13  SCV  
  40  4:17  Supply Depot  
  47  4:25  SCV x2  
  47  4:27  Siege Tank  
  47  4:28  Marine  
  50  4:36  Marine  
  50  4:37  SCV  
  53  4:46  Marine  
  53  4:48  Barracks Tech Lab, Starport Tech Lab  
  53  4:50  SCV  
  53  4:51  SCV  
  55  4:53  Marine  
  55  4:54  Engineering Bay  
  56  5:00  Refinery  
  56  5:01  Refinery  
  56  5:03  SCV x2  
  58  5:09  Supply Depot  
  58  5:11  Supply Depot, Barracks Reactor  
  58  5:13  Marine, Stimpack  
  59  5:16  SCV x2  
  59  5:17  Marine  
  62  5:26  Terran Infantry Weapons Level 1  
  62  5:30  Marine  
  62  5:31  Raven, SCV x2, Siege Tank  
  62  5:33  Marine  
  62  5:35  Marine  
  72  5:36  Command Center  
  72  5:44  SCV  
  72  5:45  SCV  
  72  5:48  Marine  
  75  5:50  Marine  
  75  5:53  Marine  
  75  5:57  SCV x2  
  76  6:09  Marauder  
  78  6:11  Supply Depot  
  78  6:12  Supply Depot  
  78  6:32  Marine x3  
  78  6:33  Siege Tank  
  84  6:41  Supply Depot  
  84  6:44  Supply Depot  
  84  6:47  Armory  
  84  6:50  Marine  
  84  6:51  Engineering Bay, Marauder  
  84  6:53  SCV x2  
  89  7:03  Marine  
  89  7:05  Siege Tank, SCV x2  
  89  7:08  Marine  
  96  7:10  Supply Depot  
  96  7:12  Marauder  
  96  7:14  Supply Depot  
  98  7:19  Terran Infantry Armor Level 1, Barracks  
  98  7:20  Barracks  
  98  7:23  Combat Shield  
  98  7:24  Concussive Shells  
  98  7:25  Marine  
  98  7:26  Marine  
  98  7:27  Orbital Command  
  100  7:33  Marauder  
  102  7:37  Siege Tank  
  102  7:43  Marine  
  106  7:54  Supply Depot  
  106  7:55  Supply Depot, Marauder  
  108  7:59  Terran Vehicle Weapons Level 1, Terran Infantry Weapons Level 2  
  108  8:02  Marine x2  
  108  8:05  Medivac  
  112  8:16  Marauder  
  114  8:38  Marauder  
  116  8:59  Marauder  
  117  9:20  Marauder  
  110  9:49  Marine x5  
  110  9:50  Siege Tank  
  118  9:56  Medivac  
  118  9:57  Medivac  
Show
View Real Time Build Order
Export as new Build Order

ORION Protoss 

Build Orders:  

Get SALT Encoding   

  1  0:00  Probe  
  13  0:13  Assimilator  
  13  0:17  Assimilator  
  13  0:26  Pylon  
  13  0:46  Gateway  
  13  0:52  Gateway  
  13  0:55  Probe  
  14  1:03  Probe  
  14  1:11  Probe  
  15  1:14  Pylon  
  16  1:24  Probe  
  17  1:36  Probe  
  18  1:42  Zealot  
  18  1:43  Zealot  
  22  1:48  Probe  
  23  1:56  Cybernetics Core  
  23  2:24  Warp Gate  
  23  2:27  Probe  
  24  2:33  Shield Battery  
  24  2:35  Stalker x2  
  24  2:39  Probe  
  29  2:48  Pylon  
  28  3:18  Robotics Facility  
  28  3:20  Forge  
  28  3:27  Pylon  
  28  3:29  Probe  
  29  3:39  Sentry  
  29  3:40  Sentry  
  33  3:42  Probe  
  34  3:54  Probe  
  35  3:59  Photon Cannon  
  35  4:03  Photon Cannon  
  35  4:12  Photon Cannon  
  35  4:23  Observer  
  36  4:39  Immortal  
  40  4:50  Gateway  
  40  4:51  Gateway  
  40  5:07  Pylon  
  40  5:12  Observer  
  41  5:29  Immortal  
  45  5:45  Stalker  
  45  5:46  Stalker x2  
  45  5:47  Stalker  
  53  6:09  Pylon  
  53  6:16  Pylon  
  53  6:27  Stalker  
  53  6:28  Stalker  
  53  6:29  Stalker x2  
  61  6:33  Immortal  
  65  6:52  Pylon  
  65  7:04  Immortal  
  69  7:21  Stalker  
  69  7:22  Stalker  
  73  7:47  Pylon  
  73  8:06  Stalker  
  73  8:07  Stalker  
  73  8:08  Stalker  
  73  8:09  Stalker  
  81  8:35  Observer  
  81  8:41  Nexus  
  81  8:43  Pylon  
  81  9:04  Shield Battery  
  81  9:07  Shield Battery  
  81  9:09  Pylon  
  81  9:16  Assimilator  
  81  9:22  Assimilator  
  74  9:49  Robotics Bay  
Tags
 
Matchup
PvT
Replay Pack
December
Spawn Locations
Cross Positions
Add a new tag
Caveats
  • Supply blocks, unpowered buildings, or Contaminate may cause inaccurate times.
  • Supply counts are checked every 10 seconds.